 Dungeon Crawl Stone Soup version 0.27-a0-1565-gad902ab807 (webtiles) character file.

Game seed: 5553465640304477060

123 Sobieck the Digger (level 5, -1/35 HPs)
             Began as a Formicid Earth Elementalist on July 16, 2021.
             Slain by an orc (5 damage)
             ... on level 4 of the Dungeon.
             The game lasted 00:07:24 (3649 turns).

Sobieck the Digger (Formicid Earth Elementalist)    Turns: 3649, Time: 00:07:24

Health: -1/35      AC:  3    Str: 13    XL:     5   Next: 28%
Magic:  7/8        EV: 12    Int: 15    God:
Gold:   115        SH:  0    Dex: 11    Spells: 5/8 levels left

rFire    . . .     SeeInvis +   b - +12 glaive of Prune {vorpal, polearm}
rCold    . . .     Faith    .   (no shield)
rNeg     . . .     Spirit   .   g - +1 robe
rPois    .         Reflect  .   (helmet unavailable)
rElec    .         Harm     .   (no cloak)
rCorr    .         Rampage  .   (no gloves)
Will     .....                  (no boots)
Stlth    +++.......             (no amulet)
HPRegen  0.11/turn              (no ring)
MPRegen  0.11/turn              (no ring)

@: no status effects
A: permanent stasis, dig shafts and tunnels, antennae 3, four strong arms
a: Dig, Shaft Self


You were on level 4 of the Dungeon.
You visited 1 branch of the dungeon, and saw 4 of its levels.

You collected 115 gold pieces.


Innate Abilities, Weirdness & Mutations

You cannot be hasted, slowed, berserked, paralysed or teleported.
You can dig through walls and to a lower floor.
You have a pair of large antennae on your head. (SInv)
Your four strong arms can wield two-handed weapons with a shield.


   Skills:
 + Level 1.0 Polearms
 - Level 1.7 Dodging
 + Level 4.7 Stealth
 - Level 2.1 Spellcasting
 - Level 1.1 Transmutations
 + Level 5.3 Earth Magic


You had 5 spell levels left.
You knew the following spells:

 Your Spells              Type           Power      Damage    Failure   Level
a - Sandblast             Erth           34%        2d9       2%          1
b - Passwall              Tmut/Erth      9%         N/A       9%          2

Your spell library contained the following spells:

 Spells                   Type           Power      Damage    Failure   Level
 Animate Skeleton         Necr           2%         N/A       22%         1
 Apportation              Tloc           2%         N/A       22%         1
 Corona                   Hex            1%         N/A       22%         1
 Summon Small Mammal      Summ           4%         N/A       22%         1
 Stone Arrow              Conj/Erth      18%        3d8       22%         3
 Petrify                  Tmut/Erth      11%        N/A       50%         4

Inventory:

Hand Weapons
 a - a +0 dagger {short}
   (You took it off a kobold on level 1 of the Dungeon)
 b - the +12 glaive of Prune (weapon) {vorpal, polearm}
   (You acquired it on level 4 of the Dungeon)

   It inflicts extra damage upon your enemies.
 d - a +0 mace {mace}
   (You found it on level 1 of the Dungeon)
 e - a +1 vorpal hand axe {axe}
   (You found it on level 1 of the Dungeon)
 o - a +0 hunting sling of flaming {sling}
   (You found it on level 2 of the Dungeon)
Missiles
 c - 112 stones {throwing}
 m - 20 arrows
 p - 27 sling bullets
Armour
 g - a +1 robe (worn)
Wands
 h - a wand of paralysis (8)
   (You found it on level 3 of the Dungeon)
 i - a wand of iceblast (7)
   (You found it on level 3 of the Dungeon)
Scrolls
 n - 3 scrolls of immolation {!r!r}
 q - a scroll of holy word {unknown}
 r - a scroll of magic mapping {unknown}
Potions
 f - a potion of curing {unknown}
 j - a potion of degeneration {unknown}
 k - 3 potions of lignification {!q}
 l - a potion of might {unknown}
 s - a potion of cancellation {unknown}

Dungeon Overview and Level Annotations

Branches:
Dungeon (4/15)
 Temple: D:4-7

Altars:

Shops:
D:3 ! D:4

= #### ### ..... ..#
#... #.##
#∩......########
.#....#.........#
......oo#######.#
#..So@#..####.######
##..Jo###..<<........
##.#.# #.###.##.###.
.....# #.# #... .#
### ### #.# #.##..#
#.. ... ... ### ###
##


You could see an orc priest, an orc wizard, 2 orcs, an endoplasm and a ball
python.


Message History

An adder comes into view.
The adder hisses angrily.
You slice the adder!!
You kill the adder!
No target in view!
No target in view!
r - a scroll labelled COZ GOCHENG A frilled lizard comes into view.
You reach to attack!
The helpless frilled lizard fails to defend itself.
You slash the frilled lizard!
You kill the frilled lizard!
An endoplasm comes into view.
You see here a +0 hand axe {axe}.
You reach to attack!
The helpless endoplasm fails to defend itself.
You slice the endoplasm!!
You kill the endoplasm!
You have reached level 5! 😎 HP[+5] MP[+1]
You now have 35 max hp (+5).
Your hp is fully restored (35).
Your mp is fully restored (8).
You see here 6 large rocks {=fthrowing}.
You see here a +0 scale mail.
You see here a +0 club {mace}.
You open the door.
There is an open door here.
s - a brown potion Done exploring.
(D) Dungeon
Where to? (Enter - D:4, ? - help)
There is a stone staircase leading down here.
You climb downwards.
There is a stone staircase leading up here.
You extend your mandibles.
You dig through the rock wall.
You dig through the rock wall.
Casting: Passwall (safe; 9% risk of failure)
Confirm with . or Enter, or press ? or * to list all spells.
Aiming: Passwall (safe; 9% risk of failure)
Press: ? - help, Dir - move target A rock wall.
You begin to meditate on the wall.
You continue meditating on the rock. x2
You finish merging with the rock.
Found a scroll of fog.
Found Gaunocer's Jewellery Shop. 😎 MP[-2]
You lost 2 mp, and now have 6/8 mp.
You retract your mandibles.
The helpless orc wizard fails to defend itself.
You slash the orc wizard!
The orc priest shouts!
The orc shouts! x2
The endoplasm quivers.
The orc wizard shouts!
The orc priest curses repeatedly.
The orc priest hits you with a +0 whip. 😕 HP[-4]
You take 4 damage, and now have 31/35 hp.
You barely miss the orc priest.
The orc priest mumbles some strange prayers to Beogh against you.
Pain shoots through your body! The orc closely misses you.
The orc wizard completely misses you. 😕 HP[-4]
You take 4 damage, and now have 27/35 hp.
You slash the orc wizard!
You kill the orc wizard!
The orc priest hits you with a +0 whip. The orc wizard misses you.
The orc closely misses you. The orc barely misses you.
The orc priest hits you with a +0 whip. The orc hits you but does no damage.
The orc wizard hits you with a +1 dagger of holy wrath.
The orc closely misses you.
Your Polearms skill increases to level 1! 😮 HP[-9]
You take 9 damage, and now have 18/35 hp.
MASSIVE DAMAGE!! (PAUSE)
Okay, then.
You are too injured to fight recklessly!
Reach: b) +12 glaive of Prune {vorpal, polearm}
Press: ? - help, Dir - move target, f - orc
Aim: an orc, wielding a +0 club and wearing a +0 scale mail (about 32% to evade the +12 glaive of Prune)
You hit the orc. The orc priest misses you. The endoplasm misses you.
The orc wizard hits you with a +1 dagger of holy wrath.
* * * LOW HITPOINT WARNING * * *
The orc misses you. The orc closely misses you.
The orc priest hits you with a +0 whip.
* * * LOW HITPOINT WARNING * * *
The orc wizard hits you with a +1 dagger of holy wrath.
* * * LOW HITPOINT WARNING * * *
The endoplasm hits you but does no damage.
The orc hits you with a +0 hand axe.
* * * LOW HITPOINT WARNING * * *
The orc misses you. 😱 HP[-14] MP[+1]
You take 14 damage, and now have 4/35 hp.
MASSIVE DAMAGE!! (PAUSE)
Okay, then.
Unknown command.
Are you sure you want to shaft yourself?
The orc priest barely misses you. The endoplasm barely misses you.
The orc hits you with a +0 hand axe.
You die...

Skill      XL: |  1  2  3  4  5 |
---------------+----------------+-----
Stealth        | 3 4 |  4.7
Earth Magic    | 4 5 |  5.3
Polearms       | 1 |  1.0
Dodging        | |  1.7
Spellcasting   | |  2.1
Transmutations | |  1.1

Action                   |  1- 3 |  4- 6 || total
-------------------------+-------+-------++-------
Melee: Dagger            |    79 |    36 ||   115
       Mace              |     4 |       ||     4
       Glaive            |       |    22 ||    22
 Cast: Sandblast         |    20 |     8 ||    28
       Passwall          |     3 |     3 ||     6
 Abil: Dig               |     3 |     2 ||     5
       Shaft Self        |       |     1 ||     1
  Use: Scroll            |       |     7 ||     7
 Stab: Sleeping          |     4 |     6 ||    10
       Distracted        |     1 |       ||     1
Armor: Robe              |    15 |    26 ||    41
Dodge: Dodged            |    53 |    63 ||   116

Levels and vault maps discovered:
D:1:      dpeg_arrival_three_same_balls, layout_rooms, minmay_misc_feat_five
D:2:      layout_loops_ring
D:3:      layout_basic, serial_shops, shop, moated_statue
D:4:      minmay_bubble_buster, layout_loops_corners, temple_pool_b,
          ebering_ghost_disaster_area, serial_shops, shop, uniq_sigmund

Notes
Turn   | Place    | Note
-------+----------+-------------------------------------------
     0 | D:1      | Sobieck the Formicid Earth Elementalist began the quest for
                  | the Orb.
     0 | D:1      | Reached XP level 1. HP: 13/13 MP: 3/3
     0 | D:1      | magus.rc [v1.9.6]
    54 | D:1      | HP: 3/13 [ball python (1)]
   335 | D:1      | Reached XP level 2. HP: 12/19 MP: 0/5
   491 | D:2      | Reached skill level 3 in Stealth
   491 | D:2      | Reached skill level 4 in Earth Magic
   818 | D:1      | Reached XP level 3. HP: 24/24 MP: 1/6
   967 | D:1      | Learned a level 2 spell: Passwall
  1780 | D:2      | You pick up a book of Cantrips and begin reading...
  1780 | D:2      | You add the spells Corona, Animate Skeleton, Summon Small
                  | Mammal and Apportation to your library.
  1868 | D:2      | Reached skill level 4 in Stealth
  1868 | D:2      | Reached XP level 4. HP: 30/30 MP: 2/7
  2574 | D:2      | Reached skill level 5 in Earth Magic
  2691 | D:4      | Identified a scroll of acquirement
  2691 | D:4      | Acquired the +12 glaive of Prune {vorpal}
  2692 | D:4      | Found the +12 glaive of Prune {vorpal}
  2748 | D:3      | Found Hehoim's Distillery.
  3456 | D:3      | Reached XP level 5. HP: 35/35 MP: 8/8
  3645 | D:4      | Found Gaunocer's Jewellery Shop.
  3648 | D:4      | Reached skill level 1 in Polearms
  3648 | D:4      | Aim: an orc, wielding a +0 club and wearing a +0 scale mail
                  | (about 32% to evade the +12 glaive of Prune)
  3648 | D:4      | Aim: an orc, wielding a +0 club and wearing a +0 scale mail
                  | (about 32% to evade the +12 glaive of Prune)
  3648 | D:4      | HP: 4/35 [orc (5)]
  3649 | D:4      | Slain by an orc

Vanquished Creatures
  An orc wizard (D:4)
  A gnoll (D:1)
  2 adders
  2 worms (D:2)
  3 dart slugs
  An orc (D:3)
  6 endoplasms
  4 goblins
  3 hobgoblins
  7 jackals
  6 kobolds
  A quokka (D:1)
  4 ball pythons
  6 bats
  4 frilled lizards
  5 rats
56 creatures vanquished.

Table legend:
 A = Non-vault XP
 B = Vault XP
 C = Vault XP percentage of total XP
 D = Non-vault monster count
 E = Vault monster count
 F = Vault count percentage of total count
                 A         B        C        D         E       F
            +---------+---------+-------+---------+---------+-------
      Total |     176 |       0 |   0.0 |      56 |       0 |   0.0
            +---------+---------+-------+---------+---------+-------
        D:1 |      55 |       0 |   0.0 |      25 |       0 |   0.0
        D:2 |      47 |       0 |   0.0 |      17 |       0 |   0.0
        D:3 |      37 |       0 |   0.0 |      13 |       0 |   0.0
        D:4 |      37 |       0 |   0.0 |       1 |       0 |   0.0
            +---------+---------+-------+---------+---------+-------

Illustrated notes

Table legend:
 A = Kills in this place as a percentage of kills in entire the game.
 B = Kills by you in this place as a percentage of kills by you in the entire game.
 C = Kills by friends in this place as a percentage of kills by friends in the entire game.
 D = Other kills in this place as a percentage of other kills in the entire game.
 E = Experience gained in this place as a percentage of experience gained in the entire game.
 F = Experience gained in this place divided by the number of levels of this place that you have seen.
                   A       B       C       D       E      F
               +-------+-------+-------+-------+-------+----------------------
         Total | 100.0 | 100.0 |   N/A |   N/A | 100.0 |  44.0
       Dungeon | 100.0 | 100.0 |   N/A |   N/A | 100.0 |  44.0
               +-------+-------+-------+-------+-------+----------------------

Table legend: (Time is in decaauts)
 A = Elapsed time spent in this place.
 B = Non-inter-level travel time spent in this place.
 C = Inter-level travel time spent in this place.
 D = Time resting spent in this place.
 E = Time spent auto-exploring this place.
 F = Levels seen in this place.
 G = Mean time per level.
                   A        B        C        D        E       F      G
               +--------+--------+--------+--------+--------+-----+--------+
         Total |   3669 |   3365 |    304 |    974 |   1839 |   4 |  917.2 |
       Dungeon |   3669 |   3365 |    304 |    974 |   1839 |   4 |  917.2 |
               +--------+--------+--------+--------+--------+-----+--------+

Top non-repeatable levels by time:
     D:1: 1345 daAuts
     D:2: 1225 daAuts
     D:3: 1062 daAuts
     D:4: 35 daAuts
